 Dungeon Crawl Stone Soup version 0.16.1 (webtiles) character file.

49 Fiveotanaka the Chucker (level 3, -4/36 HPs)
             Began as an Ogre Hunter on Mar 24, 2015.
             Slain by an adder (5 damage)
             ... on level 2 of the Dungeon.
             The game lasted 00:03:28 (1982 turns).

Fiveotanaka the Chucker (Ogre Hunter)               Turns: 1982, Time: 00:03:28

Health: -4/36      AC:  3    Str: 15    XL:     3   Next: 75%
Magic:  3/3        EV: 10    Int: 10    God:
Gold:   38         SH:  0    Dex: 11    Spells: 0 memorised, 2 levels left

rFire  . . .     SeeInvis .     m - +0 whip
rCold  . . .     Clarity  .     d - +0 animal skin
rNeg   . . .     SustAb   .     (shield restricted)
rPois  +         Gourm    .     (helmet restricted)
rElec  .         Spirit   .     (no cloak)
rCorr  .         Warding  .     (gloves unavailable)
rMut   .         Stasis   .     (boots unavailable)
MR     .....                    p - amulet of regeneration
Stlth  +.........               (no ring)
                                (no ring)

@: lethally poisoned (-4 -> -7), not resistant to hostile enchantments, very
unstealthy
A: unfitting armour, poison resistance, tough skin 1, weak 1, forlorn
a: no special abilities


You were on level 2 of the Dungeon.
You were not hungry.

You visited 1 branch of the dungeon, and saw 2 of its levels.

You collected 38 gold pieces.

Inventory:

Hand weapons
 a - a +0 short sword
 g - a +0 club
 m - a +0 whip (weapon)
Missiles
 b - 5 large rocks (quivered)
 c - 2 throwing nets
 i - 23 stones
Armour
 d - a +0 animal skin (worn)
Jewellery
 p - an amulet of regeneration (around neck)
Scrolls
 h - a scroll of recharging {unknown}
 k - a scroll of identify {unknown}
 n - a scroll of enchant weapon {unknown}
 o - a scroll of teleportation {unknown}
 r - a scroll of amnesia {unknown}
 t - a scroll of enchant armour {unknown}
Potions
 e - a potion of mutation
 l - a potion of haste {unknown}
 q - a potion of curing {unknown}
Comestibles
 f - a meat ration
 j - a royal jelly
 s - a chunk of flesh


   Skills:
 - Level 2.6 Fighting
 + Level 4.0 Maces & Flails
 - Level 4.5 Throwing
 - Level 1.7 Dodging
 - Level 0.7 Stealth


You had 2 spell levels left.
You didn't know any spells.

Dungeon Overview and Level Annotations

Branches:
Dungeon (2/15)

Altars:


Innate Abilities, Weirdness & Mutations

You are too large for most types of armour.
You have tough skin (AC +1).
Your system is resistant to poisons.
You are weak. (Str -2)
You have difficulty communicating with the divine.


Message History

You barely miss the adder.
The adder is heavily wounded.
You feel sick. The adder completely misses you.
You closely miss the adder.
The adder is heavily wounded.
You feel sick. The adder bites you.
* * * LOW HITPOINT WARNING * * *
Drink which item? (? for menu, Esc to quit)
It was a potion of mutation.
You feel extremely strange.
You feel forlorn.
You feel resistant to poisons.
You feel weaker.
You feel sick. The adder bites you but does no damage.
You hit the adder.
The adder is severely wounded.
The adder bites you.
* * * LOW HITPOINT WARNING * * *
You completely miss the adder.
The adder is severely wounded.
* * * LOW HITPOINT WARNING * * *
You feel sick. The adder bites you.
You die...

#.###.##.#...#'# ## #.#
#........#.#
...#######.###..#...#.#.#
#.#....................#.#
.........<#.#..........#..
..#.##....#.#.#......#.###
##.#.#.#.###.#.......
...#.#.......#.......
#.###@###.#######..... #.
#S# ...#.........#
....S....# #..#.####....#
......!.. ...#.#.......#
.......#.. #..........
....... ... #...#....##
##.### .... #.###...... ..
.....#.#...##... .(.#
#.###.##...


You could see an adder.

Vanquished Creatures
  A worm (D:2)
  A giant gecko (D:1)
  5 bats
  3 giant cockroaches
  4 goblins (D:1)
  5 hobgoblins (D:1)
  6 jackals (D:1)
  3 kobolds
  4 giant newts
  5 rats
37 creatures vanquished.

Notes
Turn   | Place    | Note
--------------------------------------------------------------
     0 | D:1      | Fiveotanaka, the Ogre Hunter, began the quest for the Orb.
     0 | D:1      | Reached XP level 1. HP: 22/22 MP: 1/1
   100 | D:1      | Reached skill level 1 in Maces & Flails
   377 | D:1      | Reached XP level 2. HP: 29/29 MP: 2/2
  1015 | D:1      | Reached XP level 3. HP: 27/36 MP: 3/3
  1980 | D:2      | Gained mutation: You have difficulty communicating with the divine. [potion of mutation]
  1980 | D:2      | Gained mutation: Your system is resistant to poisons. [potion of mutation]
  1980 | D:2      | Gained mutation: You are weak. (Str -2) [potion of mutation]
  1982 | D:2      | HP: 1/36 [poisoned by an adder]
  1982 | D:2      | Slain by an adder

Action                   || total
-------------------------++-------
Melee: Club              ||    75
       Short sword       ||    12
       Whip              ||   125
  Use: Potion            ||     1
  Eat: Chunk             ||     4
